 Dungeon Crawl Stone Soup version 0.28.0-43-g3370ac3207 (webtiles) character file.

Game seed: 18093449501548525240

27 Descartes the Ducker (level 2, 0/13 HPs)
             Began as a Felid Wanderer on Mar 16, 2022.
             Slain by an adder (5 damage)
             ... on level 2 of the Dungeon.
             The game lasted 00:01:24 (1289 turns).

Descartes the Ducker (Felid Wanderer)               Turns: 1289, Time: 00:01:25

Health: 0/13       AC:  1    Str:  7    XL:     2   Next: 93%
Magic:  3/3        EV: 21    Int: 11    God:
Gold:   16         SH:  0    Dex: 18    Spells: 1/1 levels left
                                        Lives:  0   Deaths: 0

rFire   . . .      SeeInvis +     - Unarmed
rCold   . . .      Faith    .   (shield unavailable)
rNeg    . . .      Spirit   .   (armour unavailable)
rPois   .          Reflect  .   (helmet unavailable)
rElec   .          Harm     .   (cloak unavailable)
rCorr   .          Rampage  .   (gloves unavailable)
Will    .....                   (boots unavailable)
Stlth   ++........              (no amulet)
HPRegen 0.04/turn               d - ring of wizardry
MPRegen 0.08/turn               (no ring)

@: lethally poisoned (0 -> -3), quick
A: very small, claws 1, fangs 3, see invisible, speed 1, shaggy fur 1, stealthy
paws, no weapons or thrown items, no armour, multi-lived
a: no special abilities


You were on level 2 of the Dungeon.
You visited 1 branch of the dungeon, and saw 2 of its levels.

You collected 16 gold pieces.

Inventory:

Jewellery
 d - a ring of wizardry (left paw)
Scrolls
 a - a scroll of silence
 e - a scroll of immolation {unknown}
 f - a scroll of fog {unknown}
Potions
 b - a potion of lignification
 c - 2 potions of attraction {unknown}


   Skills:
 - Level 2.0 Fighting
 + Level 6.8 Dodging
 + Level 2.2 Stealth
 + Level 1.5 Unarmed Combat
 + Level 1.2 Translocations
 + Level 1.7 Evocations


You had one spell level left.
You didn't know any spells.
Your spell library contained the following spells:

 Spells                   Type           Power      Damage    Failure   Level
 Blink                    Tloc           4%         N/A       13%         2
 Lesser Beckoning         Tloc           2%         N/A       26%         3
 Manifold Assault         Tloc           2%         N/A       91%         5


Dungeon Overview and Level Annotations

Branches:
Dungeon (2/15)

Altars:
Ashenzari


Innate Abilities, Weirdness & Mutations

You have sharp claws.
You have razor-sharp teeth.
You have supernaturally acute eyesight. (SInv)
You cover ground quickly. (Speed+)
You are covered in fur. (AC +1)
Your paws help you pounce on unaware monsters.
You are incapable of wielding weapons or throwing items.
You cannot wear armour.
You gain extra lives every three experience levels.


Message History

An adder comes into view.
The adder hisses angrily.
Found an encrusted silver wand.
The adder misses you.
You barely miss the adder. The adder closely misses you. The adder misses you.
You scratch the adder.
The adder is lightly wounded.
The adder closely misses you.
You scratch the adder. Your bite misses the adder.
The adder is moderately wounded.
The adder misses you.
You barely miss the adder.
The adder is moderately wounded.
The adder barely misses you.
You scratch the adder but do no damage.
The adder is moderately wounded.
The adder bites you.
You are poisoned.
The adder poisons you! The adder closely misses you.
You barely miss the adder.
The adder is moderately wounded.
You feel sick. The adder bites you.
You are too injured to fight recklessly!
You are too injured to fight recklessly!
You are too injured to fight recklessly!
You are too injured to fight recklessly!
You are too injured to fight recklessly!
You are too injured to fight recklessly!
You are too injured to fight recklessly!
You are too injured to fight recklessly!
You are too injured to fight recklessly!
You are too injured to fight recklessly!
You are too injured to fight recklessly!
You are too injured to fight recklessly!
You are too injured to fight recklessly!
You are too injured to fight recklessly!
You miss the adder.
The adder is moderately wounded.
You feel sick. The adder bites you.
You die...

######..... ../.....#
#.......... ........#
#.####.#... ........# #.#
#.#.#.
........######.####.#...
.......................
.###....######.####.#.#.
....|.S.######.# #.#.#.
.......@.......# #.#.#. ..
...........######.# #.#.#.
..#.
..........######.####.#.#. ...
.........................
#.##+#..##.##..#####.####.###.
#.............................
#.......................#.###.
#.........................# ..
#.#............#.#..._..#####.


You could see an adder.

Vanquished Creatures
  A dart slug (D:1)
  A ball python (D:1)
  An endoplasm (D:1)
  2 giant cockroaches (D:1)
  2 goblins (D:1)
  2 hobgoblins (D:1)
  2 jackals (D:1)
  A quokka (D:2)
  4 bats
  A frilled lizard (D:1)
  6 kobolds (D:1)
23 creatures vanquished.

Notes
Turn   | Place    | Note
-------+----------+-------------------------------------------
     0 | D:1      | Descartes the Felid Wanderer began the quest for the Orb.
     0 | D:1      | Descartes set off with the following items: a scroll of
                  | silence, a potion of lignification
     0 | D:1      | Reached XP level 1. HP: 9/9 MP: 2/2
   172 | D:1      | Reached XP level 2. HP: 9/13 MP: 3/3
   966 | D:1      | Reached skill level 1 in Translocations
  1177 | D:2      | Found a broken altar of Ashenzari.
  1289 | D:2      | Slain by an adder

Illustrated notes

Levels and vault maps discovered:
D:1:      denvon_arrival_hothouse, layout_rooms, nrook_mini_backslash,
          kennysheep_decorative_pillar
D:2:      layout_basic, basic_altar, nicolae_ecumenical_oubliette

Skill      XL: |  1  2 |
---------------+-------+-----
Stealth        | 2 |  2.2
Translocations | 1 |  1.2
Fighting       | |  2.0
Dodging        | |  6.8
Unarmed Combat | |  1.5
Evocations     | |  1.7

Action                   || total
-------------------------++-------
Melee: Unarmed           ||   101
       Bite              ||     8
       Punch             ||     1
 Stab: Sleeping          ||     3
Armor: Skin              ||     5
Dodge: Dodged            ||   104
